 Dungeon Crawl Stone Soup version 0.19-a0-1079-g88a7474 (webtiles) character file.

10250 whomadewhat the Basher (level 11, 0/145 HPs)
             Began as a Minotaur Berserker on Aug 6, 2016.
             Was an Elder of Trog.
             Slain by a yak (10 damage)
             ... on level 11 of the Dungeon.
             The game lasted 00:34:16 (8693 turns).

whomadewhat the Basher (Minotaur Berserker)         Turns: 8693, Time: 00:34:16

Health: 0/145      AC: 25    Str: 22    XL:     11   Next: 33%
Magic:  10/10      EV:  2    Int:  4    God:    Trog [****..]
Gold:   324        SH: 14    Dex: 13    Spells: 0 memorised, 10 levels left

rFire  . . .     SeeInvis .     i - +1 flail (crush)
rCold  + . .     Gourm    .     (armour currently unavailable)
rNeg   + + +     Faith    .     s - +2 shield
rPois  +         Spirit   .     (helmet currently unavailable)
rElec  .         Dismiss  .     (cloak currently unavailable)
rCorr  .         Reflect  .     (gloves currently unavailable)
SustAt .         Harm     .     (boots currently unavailable)
MR     ++...     Clarity  +     r - amulet of rage
Stlth  +++....... NoTele   +    (no ring)
                                f - ring of protection from cold

@: exhausted, tree-form, regenerating, slowed, very slow
A: (retaliatory headbutt), (horns 0), (talons 0), (thin metallic scales 0),
clarity, (shaggy fur 0)
a: Berserk, Trog's Hand, Brothers in Arms, Burn Spellbooks, Renounce Religion,
Evoke Berserk Rage


You were on level 11 of the Dungeon.
You worshipped Trog.
Trog was greatly pleased with you.
You were not hungry.
You were a tree.
You visited 1 branch of the dungeon, and saw 11 of its levels.

You collected 702 gold pieces.
You spent 378 gold pieces at shops.

Inventory:

Hand Weapons
 a - a +0 mace
 d - a cursed +1 flail
 i - a +1 flail of crushing (weapon)
 j - a +0 blowgun
 L - a +0 hand crossbow
 N - a +0 dire flail
 W - a +4 demon trident
 X - the +4 war axe "Cachughazi" {freeze, rN+ MR+ Dex-2 Stlth+}
   (You found it on level 9 of the Dungeon)

   It has been specially enchanted to freeze those struck by it, causing extra
   injury to most foes and up to half again as much damage against particularly
   susceptible opponents.
   It can also slow down cold-blooded creatures.
   It affects your dexterity (-2).
   It protects you from negative energy.
   It affects your resistance to hostile enchantments.
   It makes you more stealthy.
 Z - a cursed -1 morningstar
Missiles
 k - 40 poisoned needles
 E - 11 javelins (quivered)
 Y - 2 throwing nets
Armour
 h - a +0 cloak
 s - a +2 shield (worn)
 t - the +3 scale mail of Beogh's Brutal Revenge {rPois Dex+2}
   (You found it on level 4 of the Dungeon)

   It affects your dexterity (+2).
   It protects you from poison.
 C - a +2 pair of boots of running (melded)
 F - a +2 hat (melded)
 R - the +1 cloak "Yfewamm" (melded) {Str+2}
   (You found it on level 8 of the Dungeon)

   It affects your strength (+2).
 T - a +0 plate armour (melded)
Jewellery
 f - a ring of protection from cold (left branch)
 r - an amulet of rage (around neck)
 u - a cursed ring of stealth
Wands
 y - a wand of hasting (7/9)
Scrolls
 e - 4 scrolls of fog
 g - a scroll of noise {unknown}
 l - 2 scrolls of remove curse
 x - 2 scrolls of amnesia
 D - 2 scrolls of teleportation {unknown}
 K - a scroll of magic mapping {unknown}
 O - a scroll of identify
 U - a scroll of fear {unknown}
 V - 2 scrolls of recharging {unknown}
Potions
 b - a potion of haste
 c - a potion of brilliance {unknown}
 m - 4 potions of curing {unknown}
 n - a potion of degeneration {unknown}
 o - a potion of magic {unknown}
 q - 2 potions of invisibility {unknown}
 w - 2 potions of ambrosia {unknown}
 A - a potion of heal wounds {unknown}
 B - a potion of resistance {unknown}
 G - a potion of lignification
 I - a potion of might {unknown}
 M - 2 potions of flight {unknown}
 S - 3 potions of beneficial mutation {unknown}
Books
 H - a book of Power

   Spells                             Type                      Level
   a - Fulminant Prism                Conjuration/Hexes            4
   b - Iskenderun's Mystic Blast      Conjuration                  4
   c - Venom Bolt                     Conjuration/Poison           5
   d - Bolt of Magma                  Conjuration/Fire/Earth       5
   e - Iron Shot                      Conjuration/Earth            6
   f - Orb of Destruction             Conjuration                  7
   g - Spellforged Servitor           Conjuration/Summoning        7
   Trog disapproves of the use of such an item.
Comestibles
 p - 5 bread rations
 v - 6 meat rations
 J - 2 beef jerkies
 P - a slice of pizza


   Skills:
 + Level 9.0 Fighting
 + Level 11.7 Maces & Flails
 + Level 0.6 Throwing
 + Level 9.6 Armour
 + Level 8.5 Dodging
 + Level 2.5 Stealth
 + Level 9.2 Shields


You had 10 spell levels left.
You didn't know any spells.

Dungeon Overview and Level Annotations

Branches:
Dungeon (11/15)            Temple (0/1) D:4
   Lair: D:8-11         Orc: D:9-12

Altars:
Ashenzari
Elyvilon
Gozag
Qazlal
Ru
Uskayaw
Vehumet
Zin

Shops:
D:2 *   D:6 ([[!   D:8 !


Innate Abilities, Weirdness & Mutations

((You reflexively headbutt those who attack you in melee.))
((You have a pair of horns on your head.))
((You have sharp toenails.))
((You are partially covered in thin metallic scales. (AC +2)))
You possess an exceptional clarity of mind.
((You are covered in fur. (AC +1)))


Message History

You block the yak's attack. The yak gores you but does no damage.
The ice beast hits you but does no damage.
You hit the yak but do no damage.
The yak is severely wounded.
The yak gores you but does no damage. You block the yak's attack.
The yak gores you but does no damage. You block the yak's attack.
The ice beast hits you but does no damage.
The yak gores you.
* * * LOW HITPOINT WARNING * * *
It was a potion of cure mutation.
It has a very clean taste.
You regain control of your magic.
You feel clumsy.
You feel weaker.
You no longer feel heat resistant.
You feel clever. The yak gores you.
* * * LOW HITPOINT WARNING * * *
You block the yak's attack. The yak gores you.
* * * LOW HITPOINT WARNING * * *
You block the ice beast's attack. The yak gores you but does no damage.
The sheep "Baaaas" balefully.
The yak gores you!
You die...

.#####..........# ##
#.....)....#
#.(......(.#####...##
##.(...(.(.#.........
#...(.....##......#
#.(....(..##..#...#
#.....(..Y##.....#
#.......YYY#.#...#
#.......YY♣#.....#
##.###.###YYh...#
#.....# ###....#
#####.# #....# #..
..##.... ### ..##
###.( #.h .. #.. .


#yh You could see 6 yaks, an ice beast, a sheep and a jackal.

Vanquished Creatures
  Erolcha (D:10)
  A death yak (D:11)
  Urug (D:10)
  The ghost of Xoff the Protected, a novice MiFi of the Shining One (D:7)
  An elephant (D:11)
  A gargoyle (D:10)
  A merfolk (D:9)
  Prince Ribbit (D:9)
  2 two-headed ogres
  8 yaks
  A hungry ghost (D:7)
  A water moccasin (D:7)
  A sky beast (D:6)
  3 ogres
  An orc warrior (D:11)
  5 phantoms
  A black bear (D:4)
  3 ice beasts
  2 centaurs
  A crocodile (D:11)
  4 giant frogs
  A gnoll sergeant (D:7)
  6 scorpions
  12 killer bees
  5 wights (D:10)
  A howler monkey (D:6)
  2 crimson imps
  A quasit (D:8)
  A giant frog zombie (D:10)
  5 hounds
  A jelly (D:5)
  3 orc priests
  3 giant frog skeletons
  Natasha (thrice) (D:3)
  2 iguanas
  4 orc wizards
  8 worker ants
  A hound zombie (D:5)
  9 gnolls
  A howler monkey skeleton (D:5)
  18 adders
  2 shadow imps
  An ooze (D:1)
  2 worms
  A dart slug (D:2)
  5 giant geckos
  22 orcs
  A ball python (D:3)
  8 giant cockroaches
  9 hobgoblins
  19 jackals
  3 quokkas
  5 bats
  A giant gecko zombie (D:5)
  3 giant newts
  9 goblins
  3 kobolds
  10 rats
232 creatures vanquished.

Vanquished Creatures (collateral kills)
  An ugly thing (D:11)
  Joseph (D:11)
  A two-headed ogre (D:8)
  A sky beast (D:8)
  A phantom (D:8)
  A centaur (D:8)
  A giant frog zombie (D:8)
  3 gnolls (D:7)
  An adder (D:8)
  A quokka zombie (D:8)
12 creatures vanquished.

Vanquished Creatures (others)
  A quokka (D:4)
1 creature vanquished.

Grand Total: 245 creatures vanquished

Notes
Turn   | Place    | Note
-------+----------+-------------------------------------------
     0 | D:1      | whomadewhat the Minotaur Berserker began the quest for the Orb.
     0 | D:1      | Reached XP level 1. HP: 19/19 MP: 0/0
   578 | D:1      | Reached XP level 2. HP: 27/27 MP: 1/1
   782 | D:1      | Reached skill level 4 in Maces & Flails
  1218 | D:2      | Reached ** piety under Trog
  1221 | D:2      | Reached XP level 3. HP: 33/33 MP: 2/2
  1290 | D:2      | Found Zin's Purification Station.
  1294 | D:2      | Found a glowing silver altar of Zin.
  1419 | D:2      | Reached XP level 4. HP: 41/41 MP: 3/3
  1495 | D:2      | Reached skill level 5 in Maces & Flails
  1879 | D:2      | Found a hide-covered altar of Uskayaw.
  1879 | D:2      | Noticed a dagger
  1880 | D:2      | Noticed a hand axe
  2140 | D:3      | Found a sacrificial altar of Ru.
  2225 | D:3      | Reached XP level 5. HP: 42/47 MP: 4/4
  2312 | D:3      | Noticed Natasha
  2315 | D:3      | Killed Natasha
  2439 | D:3      | Noticed Natasha
  2450 | D:3      | Killed Natasha
  2611 | D:3      | Noticed Natasha
  2612 | D:3      | Found a radiant altar of Vehumet.
  2622 | D:3      | Killed Natasha
  2680 | D:3      | Noticed a phantom
  2707 | D:3      | Killed a phantom
  2707 | D:3      | Reached skill level 1 in Shields
  2707 | D:3      | Reached XP level 6. HP: 53/55 MP: 5/5
  2765 | D:3      | Reached *** piety under Trog
  2886 | D:4      | Got a heavily runed scale mail
  2968 | D:4      | Reached skill level 1 in Stealth
  3060 | D:4      | Reached skill level 5 in Fighting
  3120 | D:4      | Found a staircase to the Ecumenical Temple.
  3194 | D:4      | Found a white marble altar of Elyvilon.
  3238 | D:4      | Reached XP level 7. HP: 47/61 MP: 6/6
  3247 | D:4      | Reached skill level 6 in Maces & Flails
  3442 | D:5      | Entered Level 5 of the Dungeon
  3584 | D:5      | Identified the +3 scale mail of Beogh's Brutal Revenge {rPois Dex+2} (You found it on level 4 of the Dungeon)
  3699 | D:5      | Reached skill level 5 in Armour
  3699 | D:5      | Reached skill level 5 in Dodging
  4056 | D:5      | You fall through a shaft!
  4116 | D:6      | Found Xuir's Antique Armour Shoppe.
  4126 | D:6      | Found Focyzo's Antique Armour Shoppe.
  4154 | D:6      | Bought a runed shield for 103 gold pieces
  4190 | D:6      | Bought a pair of embroidered boots for 121 gold pieces
  4190 | D:6      | Identified a +2 pair of boots of running (You bought it in a shop on level 6 of the Dungeon)
  4261 | D:6      | Reached XP level 8. HP: 63/70 MP: 7/7
  4416 | D:6      | Reached skill level 7 in Maces & Flails
  4423 | D:6      | Gained mutation: Your muscles are strong. (Str +2) [mutagenic meat]
  4428 | D:6      | Gained mutation: Your flesh is heat resistant. (rF+) [mutagenic meat]
  4431 | D:6      | Gained mutation: You are partially covered in thin metallic scales. (AC +2) [mutagenic meat]
  4576 | D:6      | Reached **** piety under Trog
  4581 | D:6      | Found Ynant's Distillery.
  4593 | D:6      | Bought a potion of mutation for 35 gold pieces
  4593 | D:6      | Bought a potion of lignification for 42 gold pieces
  4593 | D:6      | Bought a potion of mutation for 35 gold pieces
  4593 | D:6      | Bought a potion of lignification for 42 gold pieces
  4593 | D:6      | Gained mutation: Your spells are a little harder to cast, but a little more powerful. [potion of mutation]
  4593 | D:6      | Gained mutation: You are covered in fur. (AC +1) [potion of mutation]
  4593 | D:6      | Gained mutation: You are agile. (Dex +2) [potion of mutation]
  4595 | D:6      | Gained mutation: You have sharp toenails. [potion of mutation]
  4595 | D:6      | Gained mutation: You possess an exceptional clarity of mind. [potion of mutation]
  4596 | D:6      | Gained mutation: You are dopey. (Int -2) [potion of mutation]
  4752 | D:6      | Found Ozu Jeicatz's Antique Weapon Boutique.
  5170 | D:7      | Reached skill level 8 in Maces & Flails
  5187 | D:7      | Noticed Xoff's ghost (novice MiFi)
  5202 | D:7      | Killed Xoff's ghost
  5202 | D:7      | Reached XP level 9. HP: 79/79 MP: 8/8
  5387 | D:7      | Found a stormy altar of Qazlal.
  5673 | D:7      | Reached skill level 9 in Maces & Flails
  5896 | D:8      | Reached skill level 5 in Shields
  5911 | D:8      | Found Itausexe's Distillery.
  6351 | D:8      | Got an ichor-stained cloak
  6370 | D:8      | Identified the +1 cloak "Yfewamm" {Str+2} (You found it on level 8 of the Dungeon)
  6534 | D:9      | Reached XP level 10. HP: 69/88 MP: 9/9
  6774 | D:9      | Found an opulent altar of Gozag.
  6817 | D:9      | Noticed Prince Ribbit
  6867 | D:9      | Killed Prince Ribbit
  6867 | D:9      | Reached skill level 10 in Maces & Flails
  6878 | D:9      | Got an iridescent war axe
  6880 | D:9      | Identified the +4 war axe "Cachughazi" {freeze, rN+ MR+ Dex-2 Stlth+} (You found it on level 9 of the Dungeon)
  7155 | D:9      | Found a shattered altar of Ashenzari.
  7676 | D:10     | Entered Level 10 of the Dungeon
  7676 | D:10     | Noticed Erolcha
  7691 | D:10     | Killed Erolcha
  7823 | D:10     | Noticed Urug
  7843 | D:10     | Killed Urug
  7876 | D:10     | Noticed a gargoyle
  7884 | D:10     | Killed a gargoyle
  7884 | D:10     | Reached skill level 11 in Maces & Flails
  8560 | D:11     | Noticed Joseph
  8564 | D:11     | Noticed a brown ugly thing
  8577 | D:11     | Killed Joseph
  8577 | D:11     | Reached XP level 11. HP: 95/95 MP: 10/10
  8580 | D:11     | Killed a brown ugly thing
  8643 | D:11     | Noticed a death yak
  8687 | D:11     | Killed a death yak
  8693 | D:11     | Lost mutation: Your spells are a little harder to cast, but a little more powerful. [potion of cure mutation]
  8693 | D:11     | Lost mutation: You are agile. (Dex +2) [potion of cure mutation]
  8693 | D:11     | Lost mutation: Your muscles are strong. (Str +2) [potion of cure mutation]
  8693 | D:11     | Lost mutation: Your flesh is heat resistant. (rF+) [potion of cure mutation]
  8693 | D:11     | Lost mutation: You are dopey. (Int -2) [potion of cure mutation]
  8693 | D:11     | Slain by a yak

Vault maps used:
D:1:      sevenhm_arrival_forest_fort_large_4
D:2:      zin_purify, dancing_weapons_uskayaw
D:3:      lemuel_round_altar, overflow_temple_1_default, uniq_natasha
D:4:      elyvilon_altar_4, serial_curves, eino_curves_02, eino_curves_03,
          first_bread
D:6:      serial_shops, shop, nicolae_shop_temple_entry_statues_fountains, shop,
          shop_statue, minmay_strange_pillars
D:7:      kennysheep_mini_moat
D:8:      serial_shops, shop
D:9:      lemuel_round_altar, lemuel_crystal_altar, serial_bayou_pond_e,
          hangedman_fish_farm, uniq_prince_ribbit1
D:10:     minivault_26, uniq_urug, uniq_erolcha
D:11:     david_lair_generic, serial_shops, nicolae_shop_behind_doors,
          nicolae_shop_stone, minmay_sticks_and_stones

Skill      XL: |  1  2  3  4  5  6  7  8  9 10 11 |
---------------+----------------------------------+-----
Fighting       | 4 5 6 7 8 9 |  9.0
Maces & Flails | 4 5 6 8 9 11 | 11.7
Dodging        | 3 4 5 6 7 8 |  8.5
Armour         | 3 4 5 7 8 9 |  9.6
Shields        | 1 3 4 5 7 9 |  9.2
Stealth        | 1 2 |  2.5
Throwing       | |  0.6

Action                   |  1- 3 |  4- 6 |  7- 9 | 10-12 || total
-------------------------+-------+-------+-------+-------++-------
Melee: Mace              |    74 |     3 |       |       ||    77
       Headbutt          |    11 |    21 |    62 |    56 ||   150
       Flail             |       |    96 |   238 |   220 ||   554
       Blowgun           |       |     7 |       |       ||     7
 Fire: Blowgun           |       |     4 |       |       ||     4
Invok: Berserk           |     2 |     1 |     5 |     4 ||    12
       Trog's Hand       |     1 |     4 |     7 |     9 ||    21
       Brothers in Arms  |       |       |     3 |     1 ||     4
  Use: Scroll            |     1 |     4 |     7 |     5 ||    17
       Potion            |       |       |     3 |     2 ||     5
 Stab: Distracted        |       |       |       |     1 ||     1
  Eat: Bread ration      |     1 |       |       |     1 ||     2
       Chunk             |       |     8 |    20 |     3 ||    31
       Beef jerky        |       |       |     1 |     2 ||     3
       Meat ration       |       |       |       |     1 ||     1
Armor: Animal skin       |     3 |       |       |       ||     3
       Scale mail        |    28 |    60 |    89 |       ||   177
       Plate armour      |       |       |     1 |   108 ||   109
       Skin              |       |       |       |    36 ||    36
Dodge: Dodged            |    52 |    74 |   120 |   100 ||   346
Block: Buckler           |       |    14 |    43 |       ||    57
       Shield            |       |       |    31 |   203 ||   234
